 Dungeon Crawl Stone Soup version 0.15.2 (webtiles) character file.

99 kae the Firebug (level 4, -6/24 HPs)
             Began as a Tengu Fire Elementalist on Dec 28, 2014.
             Killed from afar by an orc wizard (8 damage)
             ... with a magic dart
             ... on Level 4 of the Dungeon.
             The game lasted 00:03:37 (4042 turns).

kae the Firebug (Tengu Fire Elementalist)           Turns: 4042, Time: 00:03:37

HP  -6/24        AC  2     Str  8      XL: 4   Next: 72%
MP   5/9         EV 12     Int 19      God:
Gold 108         SH  0     Dex 14      Spells:  3 memorised,  1 level left

rFire  . . .     SeeInvis .     l - +0 mace
rCold  . . .     Clarity  .     a - +0 robe
rNeg   . . .     rCorr    .     (no shield)
rPois  +         rRot     .     (helmet restricted)
rElec  .         Spirit   .     (no cloak)
SustAb .         Warding  .     (no gloves)
rMut   .         Stasis   .     (boots unavailable)
Gourm  .                        (no amulet)
MR     .....                    h - ring of poison resistance
                                k - +2 ring of intelligence

@: very slightly contaminated, hasted and slowed, not resistant to hostile
enchantments, unstealthy
A: beak, talons 3
a: no special abilities


You were on level 4 of the Dungeon.
You were very hungry.

You visited 1 branch of the dungeon, and saw 4 of its levels.

You collected 108 gold pieces.

Inventory:

Hand weapons
 e - a +0 dagger
 l - a +0 mace (weapon)
Armour
 a - a +0 robe (worn)
Comestibles
 c - 3 bread rations
 f - 3 fruits
 g - a beef jerky
Scrolls
 j - a scroll of teleportation {unknown}
 n - 2 scrolls of remove curse
 p - 2 scrolls of enchant armour {unknown}
 r - a scroll of blinking {unknown}
 s - 5 scrolls of identify {unknown}
 u - 3 scrolls of enchant weapon {unknown}
 w - a scroll of random uselessness {unknown}
Jewellery
 h - a ring of poison resistance (right hand)
 k - a +2 ring of intelligence (left hand)
Potions
 d - 2 potions of restore abilities {unknown}
 i - a potion of agility
 m - a potion of curing {unknown}
 o - 2 potions of might
 t - a potion of lignification {unknown}
 v - a potion of degeneration {unknown}
Books
 b - a book of Flames

   Spells                             Type                      Level
   *Flame Tongue                      Conjuration/Fire             1
   *Throw Flame                       Conjuration/Fire             2
   *Conjure Flame                     Conjuration/Fire             3
   Inner Flame                        Hexes/Fire                   3
   Sticky Flame                       Conjuration/Fire             4
   Fireball                           Conjuration/Fire             5


   Skills:
 - Level 2.1 Dodging
 - Level 2.0 Stealth
 + Level 2.4 Spellcasting
 * Level 3.7 Conjurations
 * Level 4.5 Fire Magic


You had one spell level left.
You knew the following spells:

 Your Spells              Type           Power        Failure   Level  Hunger
a - Flame Tongue          Conj/Fire      ###..        3%          1    #......
b - Throw Flame           Conj/Fire      ###...       6%          2    ##.....
c - Conjure Flame         Conj/Fire      ###.....     12%         3    ###....


Dungeon Overview and Level Annotations

Branches:
Dungeon (4/15)
 Temple: D:4-7

Altars:


Innate Abilities, Weirdness & Mutations

You have a beak for a mouth.
You have claws for feet.


Message History

Okay, then.
Drink which item? (? for menu, Esc to quit)
You feel yourself speed up.
It was a potion of haste.
The orc wizard points at you and mumbles some strange words.
You feel as though you will be slow longer.
The orc wizard misses you.
The orc wizard gestures at you while chanting.
The magic dart hits you!
* * * LOW HITPOINT WARNING * * *
You are feeling very hungry.
The orc wizard mumbles some strange words.
The orc wizard blinks!
There is an open door here.
There is an open door here.
An orc wizard opens the door.
The orc wizard's eyes start to glow.
There is an open door here.
The orc wizard points at you and mumbles some strange words.
The magic dart hits you!
You die...

≈.........'....#...o#....#.....
.........>#....#....#....#.....#
.......<..###'##...##.o..#.....##
..........#...####'##....#.......
..........#...'..o.##..).#.......
###+#.....#...#..o.###'###.......
#.....#...#......o...'.......
#.....+...###'###....#.......
#.....#...#.@...#....#.......
#.....#+###.....##+###....... ...
......................
......................
......#######........... .....
#........... .).. #...........
... +.###...... ### #.....


You could see 2 orc wizards.

Vanquished Creatures
  Jessica (D:2)
  Terence (D:2)
  2 adders
  2 worms (D:2)
  4 giant geckos
  An ooze (D:2)
  A giant cockroach (D:2)
  8 goblins
  2 hobgoblins
  A quokka (D:3)
  5 bats
  4 giant newts
  4 kobolds
  3 rats
39 creatures vanquished.

Notes
Turn   | Place    | Note
--------------------------------------------------------------
     0 | D:1      | kae, the Tengu Fire Elementalist, began the quest for the Orb.
     0 | D:1      | Reached XP level 1. HP: 10/10 MP: 3/3
   980 | D:1      | Reached XP level 2. HP: 15/15 MP: 5/5
  1297 | D:2      | Noticed Terence
  1350 | D:2      | Killed Terence
  1350 | D:2      | Reached XP level 3. HP: 8/19 MP: 0/7
  1802 | D:2      | Reached skill level 4 in Fire Magic
  2010 | D:2      | Noticed Jessica
  2015 | D:2      | Killed Jessica
  2263 | D:2      | Reached XP level 4. HP: 7/24 MP: 7/9
  2827 | D:2      | Learned a level 2 spell: Throw Flame
  2831 | D:2      | Learned a level 3 spell: Conjure Flame
  4027 | D:4      | HP: 1/24 [orc wizard/magic dart (4)]
  4042 | D:4      | Killed from afar by an orc wizard

Action                   |  1- 3 |  4- 6 || total
-------------------------+-------+-------++-------
Melee: Unarmed           |    18 |       ||    18
       Dagger            |     4 |       ||     4
       Mace              |    37 |    60 ||    97
 Cast: Flame Tongue      |    19 |    19 ||    38
  Use: Scroll            |     2 |       ||     2
       Potion            |       |     1 ||     1
 Stab: Distracted        |     1 |       ||     1
       Sleeping          |     1 |     2 ||     3
  Eat: Chunk             |     4 |     5 ||     9
